 Dungeon Crawl Stone Soup version 0.31.0-9-g3a7656b989 (webtiles) character file.

Game seed: 5641186174782074150

89 qw the Shooter (level 4, -3/22 HPs)
             Began as a Spriggan Hunter on Feb 2, 2024.
             Slain by a black bear (6 damage)
             ... on level 3 of the Dungeon.
             The game lasted 00:00:07 (2341 turns).

qw the Shooter (Spriggan Hunter)                    Turns: 2341, Time: 00:00:07

Health: -3/22      AC:  2    Str:  7    XL:     4   Next: 31%
Magic:  5/5        EV: 20    Int: 10    God:
Gold:   59         SH:  0    Dex: 20    Spells: 3/3 levels left

rFire   . . .        a - +0 shortbow
rCold   . . .        (shield currently unavailable)
rNeg    . . .        c - +0 robe
rPois   .            (helmet restricted)
rElec   .            (no cloak)
rCorr   .            (gloves unavailable)
SInv    +            (boots unavailable)
Will    .....        b - amulet of the acrobat
Stlth   ++           (no ring)
HPRegen 0.23/turn    (no ring)
MPRegen 0.09/turn

%: acrobat
@: very quick
A: very small, no large weapons, unfitting armour, see invisible, speed 3
a: no special abilities


You were on level 3 of the Dungeon.
You visited 1 branch of the dungeon, and saw 3 of its levels.

You collected 135 gold pieces.
You spent 76 gold pieces at shops.


Innate Abilities, Weirdness & Mutations

You are very small and have problems with some larger weapons.
You are too small for most types of armour.
You have supernaturally acute eyesight. (SInv)
You cover ground extremely quickly. (Speed+++)


   Skills:
 - Level 1.5 Fighting
 - Level 5.0 Ranged Weapons
 + Level 4.7 Dodging
 - Level 1.5 Stealth


You had 3 spell levels left.
You didn't know any spells.
Your spell library was empty.

Inventory:

Hand Weapons
 a - a +0 shortbow (weapon)
Armour
 c - a +0 robe (worn)
Jewellery
 b - an amulet of the acrobat (around neck)
 e - an amulet of magic regeneration
Scrolls
 d - a scroll of fog {unknown}
 f - a scroll of identify
Potions
 g - a potion of mutation {unknown}
 h - a potion of cancellation {unknown}
 i - a potion of resistance {unknown}
 l - 2 potions of curing

Dungeon Overview and Level Annotations

Branches:
Dungeon (3/15)

Altars:
Hepliaklqana

Shops:
D:2 !?=[


Message History

You shoot an arrow. The arrow misses the hound.
The hound closely misses you. x2
You shoot an arrow. The arrow hits the hound!
You kill the hound!
You have reached level 4!
You start resting.
HP restored.
You see here a hound corpse.
i - a murky inky potion You see here a bat corpse.
Found an escape hatch in the floor.
There is an open door here.
There is an open door here.
You see here a +0 pair of gloves.
A black bear is nearby!
Enter note:
Enter note: You shoot an arrow.
The arrow barely misses the black bear.
The black bear growls angrily.
You shoot an arrow. The arrow hits the black bear!
The black bear is moderately wounded.
You shoot an arrow. The arrow hits the black bear!
The black bear is severely wounded.
You shoot an arrow. The arrow hits the black bear.
The black bear is almost dead.
You shoot an arrow. The arrow barely misses the black bear.
You shoot an arrow. The arrow hits the black bear.
The black bear is almost dead.
The black bear goes berserk!
You shoot an arrow. The arrow hits the black bear.
The black bear is almost dead.
The black bear bites you!
Ouch! That really hurt!
The black bear completely misses you. The black bear claws you!
The black bear closely misses you. x2; The black bear completely misses you.
You shoot an arrow.
The arrow closely misses the black bear.
The black bear bites you but does no damage.
The black bear misses you. The black bear claws you.
You die...

#.# #.# #.# #.#
#######.# #.# #.#
#.......## #.# #.#
#.####...######.#
#.####.###....[......#
#........##...##.#####
######.#......##.#
#h####..###.#
#@####..###.#
#............#
##..####.#####
........# #....#..#
##......## #........##
. ##......#.####....
##.#....#........


You could see a black bear (berserk).

Vanquished Creatures
  A hound (D:3)
  An adder (D:2)
  A dart slug (D:1)
  4 ball pythons
  4 endoplasms
  3 giant cockroaches (D:1)
  6 goblins
  5 hobgoblins
  3 jackals (D:1)
  A quokka (D:2)
  3 bats
  6 frilled lizards
  6 kobolds
  A rat (D:2)
45 creatures vanquished.

Notes
Turn   | Place    | Note
-------+----------+-------------------------------------------
     0 | D:1      | qw the Spriggan Hunter began the quest for the Orb.
     0 | D:1      | Reached XP level 1. HP: 10/10 MP: 2/2
     0 | D:1      | 0 ||| qw: Version: 0.3-a-155-g5e7d8dd
     0 | D:1      | 0 ||| qw: Game counter: 1216
     0 | D:1      | 0 ||| qw: Melee chars always use a shield: true
     0 | D:1      | 0 ||| qw: God list: Okawaru
     0 | D:1      | 0 ||| qw: Allow faded altars: false
     0 | D:1      | 0 ||| qw: Do Orc after clearing Dungeon:15 true
     0 | D:1      | 0 ||| qw: Do second Lair branch before Depths: true
     0 | D:1      | 0 ||| qw: Lair rune preference: random
     0 | D:1      | 0 ||| qw: Goals: Normal
     0 | D:1      | 0 ||| PLANNING D:1-11
    27 | D:1      | Reached skill level 3 in Dodging
   299 | D:1      | Reached XP level 2. HP: 14/14 MP: 3/3
   424 | D:1      | 424 ||| READING scroll labelled DUDOOPRE QIEVA.
   424 | D:1      | 424 ||| ENCHANTING +0 shortbow.
   425 | D:1      | 425 ||| DROPPING scroll of butterflies.
  1022 | D:1      | 1022 ||| UPGRADING to amulet of the acrobat.
  1072 | D:2      | Reached XP level 3. HP: 17/18 MP: 4/4
  1220 | D:2      | Found Gilidid's Jewellery Emporium.
  1228 | D:2      | 1228 ||| SHOPLISTING +5 ring of evasion (360 gold, have
                  | 67).
  1228 | D:2      | 1228 ||| SHOPLISTING ring of fire (250 gold, have 67).
  1228 | D:2      | 1228 ||| SHOPLISTING ring of positive energy (200 gold,
                  | have 67).
  1228 | D:2      | 1228 ||| SHOPLISTING ring of protection from cold (250
                  | gold, have 67).
  1228 | D:2      | 1228 ||| SHOPLISTING ring of resist corrosion (200 gold,
                  | have 67).
  1260 | D:2      | Found Ruif's Magic Scroll Boutique.
  1264 | D:2      | 1264 ||| BUYING scroll of identify (20 gold).
  1264 | D:2      | Bought a scroll of identify for 20 gold pieces
  1264 | D:2      | 1264 ||| BUYING scroll of identify (20 gold).
  1264 | D:2      | Bought a scroll of identify for 20 gold pieces
  1264 | D:2      | 1264 ||| SHOPLISTING scroll of teleportation (30 gold, have
                  | 27).
  1482 | D:2      | Found Fuhy's Distillery.
  1507 | D:2      | 1507 ||| BUYING potion of curing (36 gold).
  1507 | D:2      | Bought a potion of curing for 36 gold pieces
  1507 | D:2      | 1507 ||| SHOPLISTING potion of might (48 gold, have 18).
  1507 | D:2      | 1507 ||| SHOPLISTING potion of mutation (96 gold, have 18).
  1596 | D:2      | Found Faam's Antique Armour Boutique.
  1604 | D:2      | 1604 ||| SHOPLISTING embroidered scarf (168 gold, have 23).
  1827 | D:2      | 1827 ||| DROPPING scarf of invisibility.
  1828 | D:2      | 1828 ||| READING 3 scrolls of identify.
  1828 | D:2      | 1828 ||| IDENTIFYING fizzy red potion
  1829 | D:2      | 1829 ||| READING 2 scrolls of identify.
  1829 | D:2      | 1829 ||| IDENTIFYING lumpy black potion
  1830 | D:2      | 1830 ||| READING scroll of identify.
  1830 | D:2      | 1830 ||| IDENTIFYING metallic clear potion
  1831 | D:2      | 1831 ||| READING scroll labelled DYQUAWK ZYPSI.
  1832 | D:2      | 1832 ||| READING scroll labelled APLAGAOROAS.
  1835 | D:2      | 1835 ||| READING scroll labelled SAUXUS SORUODDOY.
  1836 | D:2      | 1836 ||| DRINKING 2 smoky orange potions.
  1865 | D:2      | 1865 ||| DROPPING potion of brilliance.
  1866 | D:2      | 1866 ||| DROPPING potion of degeneration.
  1867 | D:2      | 1867 ||| DROPPING potion of attraction.
  1868 | D:2      | 1868 ||| DROPPING potion of lignification.
  2061 | D:3      | Found a hazy altar of Hepliaklqana.
  2165 | D:3      | Reached skill level 5 in Ranged Weapons
  2203 | D:3      | Noticed a black bear
  2229 | D:3      | Reached XP level 4. HP: 15/22 MP: 5/5
  2340 | D:3      | HP: 3/22 [black bear (7)]
  2341 | D:3      | Slain by a black bear

Levels and vault maps discovered:
D:1:      nicolae_arrival_somewhat_less_tricky_arrival, layout_basic,
          shapermc_ecumenical_altar_petra, reono_crystal_passage, minmay_3d_cube
D:2:      layout_loops_corners, serial_shops, shop, shop,
          nicolae_shop_rolled_up, nicolae_shop_tiny_waterfront
D:3:      layout_loops_corners, general_overflow_altar,
          nicolae_figureground_sparkle

Skill      XL: |  1  2  3 |
---------------+----------+-----
Dodging        | 3 4 |  4.7
Ranged Weapons | 5 |  5.0
Fighting       | |  1.5
Stealth        | |  1.5

Action                     |  1- 3 |  4- 6 || total
---------------------------+-------+-------++-------
   Fire: Shortbow          |   124 |     8 ||   132
    Use: Scroll            |     7 |       ||     7
         Potion            |     1 |       ||     1
 Armour: Robe              |    14 |     4 ||    18
  Dodge: Dodged            |    42 |     5 ||    47

Table legend:
 A = Non-vault XP
 B = Vault XP
 C = Vault XP percentage of total XP
 D = Non-vault monster count
 E = Vault monster count
 F = Vault count percentage of total count
                 A         B        C        D         E       F
            +---------+---------+-------+---------+---------+-------
      Total |     124 |       4 |   3.1 |      42 |       3 |   6.7
            +---------+---------+-------+---------+---------+-------
        D:1 |      36 |       4 |  10.0 |      20 |       3 |  13.0
        D:2 |      31 |       0 |   0.0 |      11 |       0 |   0.0
        D:3 |      57 |       0 |   0.0 |      11 |       0 |   0.0
            +---------+---------+-------+---------+---------+-------
